 Dungeon Crawl Stone Soup version 0.32-a0-468-g38b2580584 (webtiles) character file.

Game seed: 10173741450942353604

5 CougarLife the Digger (level 1, -2/10 HPs)
             Began as a Gargoyle Earth Elementalist on Feb 25, 2024.
             Frozen to death by an endoplasm (3 damage)
             ... on level 1 of the Dungeon.
             The game lasted 00:00:09 (195 turns).

CougarLife the Digger (Gargoyle Earth Elementalist)  Turns: 195, Time: 00:00:09

Health: -2/10      AC:  4    Str: 11    XL:     1   Next: 80%
Magic:  0/3        EV: 11    Int: 15    God:
Gold:   18         SH:  0    Dex: 10    Spells: 3/4 levels left

rFire   . . .        (no weapon)
rCold   . . .        (no shield)
rNeg    + . .        a - +0 robe
rPois   ∞            (no helmet)
rElec   +            (no cloak)
rCorr   .            (no gloves)
SInv    .            (no boots)
Will    .....        (no amulet)
Stlth   ++           (no ring)
HPRegen 0.21/turn    (no ring)
MPRegen 0.08/turn

%: no passive effects
@: no status effects
A: sickness immunity, AC +2, negative energy resistance 1, electricity
resistance, torment resistance 1, petrification resistance
a: no special abilities


You were on level 1 of the Dungeon.
You visited 1 branch of the dungeon, and saw 1 of its levels.

You collected 18 gold pieces.

Inventory:

Armour
 a - a +0 robe (worn)
Potions
 b - a potion of magic
 c - a potion of curing {unknown}


   Skills:
 - Level 1.5 Dodging
 - Level 2.1 Stealth
 + Level 2.1 Spellcasting
 + Level 1.4 Conjurations
 + Level 3.8 Earth Magic


You had 3 spell levels left.
You knew the following spells:

 Your Spells              Type           Power      Damage    Failure   Level
a - Sandblast             Erth           26%        2d8       4%          1

Your spell library contained the following spells:

 Spells                   Type           Power      Damage    Failure   Level
 Passwall                 Erth           13%        N/A       14%         3
 Stone Arrow              Conj/Erth      18%        3d8       22%         3
 Brom's Barrelling Bould  Conj/Erth      9%         2d3       58%         4
 Petrify                  Alch/Erth      7%         N/A       69%         4


Dungeon Overview and Level Annotations

Branches:
Dungeon (1/15)

Altars:


Innate Abilities, Weirdness & Mutations

You are immune to sickness and miasma.
Your stone body is resilient. (AC +2)
You are immune to poison.
You resist negative energy. (rN+)
You are resistant to electric shocks. (rElec)
You are resistant to unholy torment.
You are immune to petrification.


Message History

c - a sapphire potion You can't see any susceptible monsters within range! (Use Z to cast anyway.) No target in view!
A rat comes into view.
Found a scroll labelled AGE WAAXZOMO.
You can't see any susceptible monsters within range! (Use Z to cast anyway.)
A rat is nearby!
A quokka and an endoplasm come into view.
Found 7 gold pieces.
You can't see any susceptible monsters within range! (Use Z to cast anyway.)
There are monsters nearby! 2 hobgoblins come into view.
Found a short sword and 5 stones.
The rat squeaks loudly.
The hobgoblin shouts!
A kobold comes into view. It is wielding a +0 short sword.
The blast of sand hits the rat!
You kill the rat!
The hobgoblin shouts!
An endoplasm comes into view.
There are monsters nearby!
The blast of sand hits the quokka.
The quokka is severely wounded.
The quokka closely misses you.
There are monsters nearby!
The blast of sand misses the quokka.
A kobold comes into view. It is wielding a +0 dagger.
The quokka bites you.
A dart slug comes into view.
The endoplasm freezes you.
You are frozen.
The kobold shouts!
You hit the quokka but do no damage.
The quokka is severely wounded.
The quokka bites you.
* * * LOW HITPOINT WARNING * * *
The quokka closely misses you. The hobgoblin hits you.
* * * LOW HITPOINT WARNING * * *
The endoplasm freezes you.
You are frozen.
You die...

.# #.)........ .#
#.......... ##.#
#.......... #########..#
#..........
...........###..........
#....##........K.......
##.##...........gr......
#..####.........@g......
..##.............J..?...
.###.#####.....#......$#
.# #.##........=........
## #..#..........$..J...
##.#.......##.......w
##..........#.......K
##...#####++###......(
###...##~~.......ß.....


You could see a dart slug, 2 endoplasms, a quokka, 2 hobgoblins and 2 kobolds.

Vanquished Creatures
  A bat (D:1)
  A kobold (D:1)
  2 ball pythons (D:1)
  2 rats (D:1)
6 creatures vanquished.

Notes
Turn   | Place    | Note
-------+----------+-------------------------------------------
     0 | D:1      | CougarLife the Gargoyle Earth Elementalist began the quest
                  | for the Orb.
     0 | D:1      | Reached XP level 1. HP: 10/10 MP: 3/3
   195 | D:1      | Frozen to death by an endoplasm

Illustrated notes

Levels and vault maps discovered:
D:1:      psy_arrival_whirlpool, layout_rooms

Action                     || total
---------------------------++-------
  Melee: Unarmed           ||     1
   Cast: Sandblast         ||     9
 Armour: Robe              ||     4
  Dodge: Dodged            ||     3

Table legend: (Time is in decaauts)
 A = Elapsed time spent in this place.
 B = Non-inter-level travel time spent in this place.
 C = Inter-level travel time spent in this place.
 D = Time resting spent in this place.
 E = Time spent auto-exploring this place.
 F = Levels seen in this place.
 G = Mean time per level.
                   A        B        C        D        E       F      G
               +--------+--------+--------+--------+--------+-----+--------+
         Total |    200 |    200 |      0 |      0 |    169 |   1 |  200.0 |
       Dungeon |    200 |    200 |      0 |      0 |    169 |   1 |  200.0 |
               +--------+--------+--------+--------+--------+-----+--------+

Top non-repeatable levels by time:
     D:1: 200 daAuts
